 Dungeon Crawl Stone Soup version 0.23.0 (webtiles) character file.

Game seed: 5755954103546154898

196 EnegeticOcto the Chopper (level 5, -3/41 HPs)
             Began as a Demonspawn Gladiator on Feb 10, 2019.
             Slain by a gnoll (5 damage)
             ... on level 3 of the Dungeon.
             The game lasted 00:02:00 (2576 turns).

EnegeticOcto the Chopper (Demonspawn Gladiator)     Turns: 2576, Time: 00:02:00

Health: -3/41      AC:  9    Str: 15    XL:     5   Next: 46%
Magic:  0/14       EV: 12    Int: 10    God:
Gold:   91         SH:  0    Dex: 14    Spells: 4/4 levels left

rFire    + . .     SeeInvis .   a - +0 war axe
rCold    . . .     Gourm    .   (no shield)
rNeg     . . .     Faith    .   v - +2 leather armour {rF+}
rPois    .         Spirit   +   c - +0 helmet
rElec    .         Reflect  .   (no cloak)
rCorr    .         Harm     +   (no gloves)
MR       .....                  y - +0 pair of boots
Stlth    +.........             j - amulet of harm
HPRegen  0.13/turn              q - ring of magical power
MPRegen  0.14/turn              (no ring)

@: no status effects
A: iridescent scales 1, magic shield
a: no special abilities


You were on level 3 of the Dungeon.
You were hungry.

You visited 1 branch of the dungeon, and saw 3 of its levels.

You collected 91 gold pieces.

Inventory:

Hand Weapons
 a - a +0 war axe (weapon)
Missiles
 d - 3 throwing nets (quivered) {!f}
Armour
 c - a +0 helmet (worn)
 v - a +2 leather armour of fire resistance (worn)
 y - a +0 pair of boots (worn)
Jewellery
 j - an amulet of harm (around neck)
 q - a ring of magical power (left hand)
Wands
 w - a wand of digging (5)
 z - a wand of paralysis (8)
Scrolls
 e - 3 scrolls of remove curse {unknown}
 g - a scroll of random uselessness {unknown}
 h - 2 scrolls of amnesia {unknown}
 i - a scroll of magic mapping {unknown}
 l - 2 scrolls of identify {unknown}
 m - 2 scrolls of enchant weapon {unknown}
 r - a scroll of blinking {unknown}
 t - 2 scrolls of teleportation {unknown}
Potions
 b - a potion of resistance {unknown}
 k - a potion of heal wounds {unknown}
 n - a potion of lignification {unknown}
 o - a potion of curing {unknown}
 p - a potion of mutation {unknown}
 s - a potion of berserk rage
 u - a potion of might {unknown}
 x - a potion of cancellation {unknown}
Comestibles
 f - 5 rations
 A - 5 chunks of flesh


   Skills:
 + Level 3.6 Fighting
 * Level 4.9 Axes
 - Level 1.7 Throwing
 - Level 2.6 Dodging


You had 4 spell levels left.
You didn't know any spells.
Your spell library was empty.

Dungeon Overview and Level Annotations

Branches:
Dungeon (3/15)

Altars:
Fedhas
Makhleb
Sif Muna


Innate Abilities, Weirdness & Mutations

You are partially covered in iridescent scales. (AC +2)
When hurt, damage is shared between your health and your magic reserves.


Message History

You hit the gnoll but do no damage.
The gnoll is heavily wounded.
You barely miss the gnoll. The gnoll hits you but does no damage.
The gnoll misses you.
You hit the gnoll but do no damage.
The gnoll is heavily wounded.
You barely miss the gnoll. The gnoll barely misses you.
The gnoll closely misses you. x2; The gnoll hits you but does no damage.
You hit the gnoll.
The gnoll is heavily wounded.
You hit the gnoll. The gnoll hits you but does no damage.
The gnoll barely misses you.
You closely miss the gnoll.
The gnoll is heavily wounded.
You barely miss the gnoll. The gnoll hits you but does no damage.
The gnoll barely misses you.
You barely miss the gnoll.
The gnoll is heavily wounded.
You barely miss the gnoll. The gnoll hits you.
You die...

.. #### .#......##
........ .# .# ...
...... ... #.##.##>#
...##.#.##.#
.........#.#
#.#.gg.#.##.#
?#..@.....#.#
#.....>.....#.#
#.##......))#.# #
#..##..#.#.#
#..##..#)#.#########
.....................
.##..#..).)).)...#
#..#.....#####.# #
#.....# #.# .


You could see 2 gnolls.

Vanquished Creatures
  A hound (D:2)
  A worker ant (D:3)
  Robin (D:3)
  3 adders
  2 gnolls (D:3)
  2 oozes (D:1)
  4 worms
  2 leopard geckos
  2 orcs (D:3)
  A giant cockroach (D:2)
  16 goblins
  7 hobgoblins
  5 kobolds
  A ball python (D:2)
  8 bats
  A frilled lizard (D:3)
  7 rats
64 creatures vanquished.

Notes
Turn   | Place    | Note
-------+----------+-------------------------------------------
     0 | D:1      | EnegeticOcto the Demonspawn Gladiator began the quest for
                  | the Orb.
     0 | D:1      | Reached XP level 1. HP: 16/16 MP: 1/1
   156 | D:1      | Reached skill level 3 in Axes
   156 | D:1      | Gained mutation: You are partially covered in iridescent
                  | scales. (AC +2) [demonic ancestry]
   156 | D:1      | Reached XP level 2. HP: 19/22 MP: 2/2
   841 | D:2      | Reached XP level 3. HP: 26/28 MP: 3/3
  1139 | D:2      | Found a deep blue altar of Sif Muna.
  1787 | D:2      | Reached skill level 4 in Axes
  1787 | D:2      | Gained mutation: When hurt, damage is shared between your
                  | health and your magic reserves. [demonic ancestry]
  1787 | D:2      | Reached XP level 4. HP: 34/35 MP: 4/4
  2125 | D:3      | Found a blossoming altar of Fedhas.
  2286 | D:3      | Found a burning altar of Makhleb.
  2372 | D:3      | Reached XP level 5. HP: 25/41 MP: 5/5
  2383 | D:3      | Noticed Robin
  2397 | D:3      | Killed Robin
  2571 | D:3      | HP: 1/41 [gnoll (5)]
  2576 | D:3      | Slain by a gnoll

Skill      XL: |  1  2  3 |
---------------+----------+-----
Axes           | 3 4 |  4.9
Fighting       | 3 |  3.6
Throwing       | |  1.7
Dodging        | |  2.6

Action                   |  1- 3 |  4- 6 || total
-------------------------+-------+-------++-------
Melee: War axe           |    99 |    78 ||   177
  Use: Potion            |       |     1 ||     1
 Stab: Sleeping          |     1 |     1 ||     2
  Eat: Chunk             |     2 |     3 ||     5
Armor: Leather armour    |    32 |    33 ||    65
Dodge: Dodged            |    74 |    51 ||   125
